 Dungeon Crawl Stone Soup version 0.31-a0-18-gea43df2a32 (webtiles) character file.

Game seed: 12261326319794591343

909 SleepyOcean the Chopper (level 7, -13/61 HPs)
             Began as a Minotaur Fighter on May 12, 2023.
             Was an Initiate of Okawaru.
             Mangled by a komodo dragon (25 damage)
             ... on level 6 of the Dungeon.
             The game lasted 00:17:48 (4806 turns).

SleepyOcean the Chopper (Minotaur Fighter)          Turns: 4806, Time: 00:17:49

Health: -13/61     AC: 14    Str: 23    XL:     7   Next: 81%
Magic:  6/6        EV: 11    Int: 11    God:    Okawaru [......]
Gold:   118        SH:  4    Dex:  9    Spells: 6/6 levels left

rFire   . . .        h - +2 hand axe (flame)
rCold   . . .        c - +0 buckler
rNeg    . . .        b - +1 scale mail
rPois   .            (helmet restricted)
rElec   .            m - +0 cloak
rCorr   .            (no gloves)
SInv    .            (no boots)
Will    .....        (no amulet) Stlth
                     f - +6 ring of intelligence
HPRegen 0.30/turn    k - +4 ring of protection
MPRegen 0.10/turn

%: resist mutation
@: studying Dodging
A: horns 2, retaliatory headbutt, mutation resistance 3, noise suppression
a: Renounce Religion


You were on level 6 of the Dungeon.
You worshipped Okawaru.
Okawaru was noncommittal.
You visited 2 branches of the dungeon, and saw 7 of its levels.

You collected 118 gold pieces.

Inventory:

Hand Weapons
 a - a +1 war axe
 h - a +2 hand axe of flaming (weapon)
 n - a +3 quarterstaff of chaos
 o - the +8 spear "Memnorcha" {flame, Fragile rCorr Int+6}
   (You found it on level 4 of the Dungeon)

   Int:       It affects your intelligence (+6).
   rCorr:     It protects you from acid and corrosion.
   Fragile:   It will be destroyed if unequipped.
Armour
 b - a +1 scale mail (worn)
 c - a +0 buckler (worn)
 m - a +0 cloak (worn)
Magical Staves
 e - a staff of poison
Jewellery
 f - a +6 ring of intelligence (left hand)
 k - a +4 ring of protection (right hand)
 t - a +4 ring of protection
Scrolls
 i - 2 scrolls of teleportation
 j - a scroll of enchant armour
 p - a scroll of identify
 u - a scroll of fog
Potions
 d - a potion of might
 g - 2 potions of resistance
 l - a potion of magic
 q - a potion of ambrosia {unknown}
 r - a potion of brilliance
 s - a potion of degeneration


   Skills:
 + Level 5.4 Fighting
 + Level 6.9 Axes
 + Level 6.5 Armour
 + Level 4.3 Dodging
 + Level 0.6 Stealth
 + Level 4.8 Shields


You had 6 spell levels left.
You didn't know any spells.
Your spell library contained the following spells:

 Spells                   Type           Power      Damage    Failure   Level
 Magic Dart               Conj           0%         1d3       69%         1
 Sandblast                Erth           0%         2d4       69%         1
 Passwall                 Tmut/Erth      0%         N/A       83%         2
 Searing Ray              Conj           0%         2d4       83%         2
 Sublimation of Blood     Necr           0%         N/A       83%         2
 Stone Arrow              Conj/Erth      0%         3d7       96%         3
 Fulminant Prism          Conj/Hex       0%         3d5       100%        4
 Petrify                  Tmut/Erth      0%         N/A       100%        4
 Irradiate                Conj/Tmut      0%         3d11      100%        5


Dungeon Overview and Level Annotations

Branches:
Dungeon (6/15)             Temple (1/1) D:6

Altars:
Fedhas
Hepliaklqana
Makhleb
Okawaru
Qazlal
Ru
Sif Muna
Vehumet
Zin
Jiyva


Innate Abilities, Weirdness & Mutations

You have a pair of horns on your head.
You reflexively headbutt those who attack you in melee.
You are almost entirely resistant to further mutation and mutation removal.
You passively dampen the noise of your surroundings.


Message History

You slash the yak! You burn the yak. The yak gores you but does no damage.
The komodo dragon closely misses you. The yak gores you!
You closely miss the yak. You headbutt the yak.
The yak is moderately wounded.
You closely miss the komodo dragon. The komodo dragon bites you!
The yak gores you but does no damage.
You slash the yak! You burn the yak. Your headbutt misses the yak.
The yak is severely wounded.
You barely miss the komodo dragon.
The komodo dragon completely misses you.
You slash the yak! You burn the yak.
The yak is almost dead.
You closely miss the komodo dragon. The yak barely misses you.
The komodo dragon bites you!
You barely miss the yak. You headbutt the yak.
You kill the yak!
Okawaru accepts your kill.
You hit the komodo dragon. You burn the komodo dragon.
The komodo dragon bites you!
You are too injured to fight recklessly!
You are too injured to fight recklessly!
You are too injured to fight recklessly!
You are too injured to fight recklessly!
You are too injured to fight recklessly!
You barely miss the komodo dragon.
The komodo dragon is lightly wounded.
The komodo dragon closely misses you. You furiously retaliate!
You headbutt the komodo dragon! You slash the komodo dragon!
You burn the komodo dragon.
The komodo dragon is severely wounded.
The komodo dragon bites you!
* * * LOW HITPOINT WARNING * * *
You completely miss the komodo dragon.
You headbutt the komodo dragon, but do no damage.
The komodo dragon is severely wounded.
The komodo dragon barely misses you.
You hit the komodo dragon but do no damage.
The komodo dragon is severely wounded.
The komodo dragon bites you!!
You die...

#.####. ..... ..... #......
......# #..... #.##.#. .......
...... #.##... ........##......
#.##### #.......#/=#..... #...#
#................ #.#.###
#.......l†....... #......
#.......@....... ##.#.### ..
#.............. #....# #
....##............###.##.###
#.....###..........##...##.)..
#.......##........###....#..##
#.....#.#####''#####...>....#
##...........................#
#.....##.#......>.###.⌠.⌠.⌠..#
#.................###.8.8.8..##


You could see a komodo dragon.

Vanquished Creatures
  A yak (D:6)
  A phantom (D:4)
  A scorpion (D:4)
  An electric eel (D:6)
  2 hounds
  2 orc priests (D:5)
  Crazy Yiuf (D:3)
  A sleepcap (D:5)
  2 iguanas
  5 orc wizards
  Natasha (D:3)
  4 gnolls (D:5)
  8 adders
  A shadow imp (D:6)
  2 ufetubi
  A worm (D:2)
  A dart slug (D:2)
  11 orcs
  5 bats
  4 endoplasms (D:1)
  5 giant cockroaches
  5 hobgoblins
  2 jackals (D:2)
  4 quokkas
  8 ball pythons
  7 frilled lizards
  5 goblins
  6 kobolds
  4 rats
101 creatures vanquished.

Vanquished Creatures (others)
  4 jellies (D:3)
  A hound (D:5)
  2 quasits (D:5)
  Natasha (twice) (D:3)
  2 adders
  2 dart slugs (D:5)
  A bat (D:2)
  3 endoplasms
  A jackal (D:2)
  A quokka (D:4)
  2 goblins
21 creatures vanquished.

Grand Total: 122 creatures vanquished

Notes
Turn   | Place    | Note
-------+----------+-------------------------------------------
     0 | D:1      | SleepyOcean the Minotaur Fighter began the quest for the
                  | Orb.
     0 | D:1      | Reached XP level 1. HP: 19/19 MP: 0/0
    17 | D:1      | Found a faded altar of an unknown god.
   146 | D:1      | Reached XP level 2. HP: 25/27 MP: 1/1
   689 | D:1      | Prayed at the altar of an unknown god.
   689 | D:1      | Became a worshipper of Jiyva Julovo the Shapeless
   689 | D:1      | Reached * piety under Jiyva
   863 | D:2      | Found a sacrificial altar of Ru.
  1066 | D:2      | Reached XP level 3. HP: 31/33 MP: 2/2
  1129 | D:2      | Reached skill level 1 in Dodging
  1245 | D:2      | Reached ** piety under Jiyva
  1312 | D:2      | Reached XP level 4. HP: 41/41 MP: 3/3
  1573 | D:3      | Reached XP level 5. HP: 47/47 MP: 4/4
  1585 | D:3      | Identified a scroll of acquirement
  1585 | D:3      | Acquired a manual of Dodging
  1593 | D:3      | Found a runed translucent door.
  1594 | D:3      | Noticed Crazy Yiuf
  1680 | D:3      | Found a stormy altar of Qazlal.
  1700 | D:3      | Noticed Natasha
  1704 | D:3      | Killed Natasha
  1845 | D:3      | Reached skill level 5 in Fighting
  1909 | D:3      | Found a glowing silver altar of Zin.
  2014 | D:3      | Killed Natasha
  2045 | D:3      | Killed Natasha
  2284 | D:3      | Killed Crazy Yiuf
  2285 | D:3      | Reached skill level 5 in Axes
  2285 | D:3      | Reached XP level 6. HP: 38/56 MP: 5/5
  2901 | D:4      | Reached *** piety under Jiyva
  2923 | D:4      | Identified the +8 spear "Memnorcha" {flame, Fragile rCorr
                  | Int+6}
  3061 | D:4      | Reached skill level 5 in Armour
  3409 | D:5      | Entered Level 5 of the Dungeon
  3526 | D:5      | Reached XP level 7. HP: 61/61 MP: 6/6
  3531 | D:5      | Gained mutation: You are somewhat resistant to further
                  | mutation. [Jiyva's grace]
  3531 | D:5      | Gained mutation: You are somewhat resistant to both further
                  | mutation and mutation removal. [Jiyva's grace]
  3531 | D:5      | Gained mutation: You are almost entirely resistant to
                  | further mutation and mutation removal. [Jiyva's grace]
  3531 | D:5      | Gained mutation: You passively dampen the noise of your
                  | surroundings. [Jiyva's grace]
  3707 | D:5      | Reached **** piety under Jiyva
  4056 | D:5      | Found a burning altar of Makhleb.
  4058 | D:5      | Noticed an Executioner
  4062 | D:5      | Noticed a ynoxinul
  4062 | D:5      | Noticed a ynoxinul
  4602 | D:6      | Found a staircase to the Ecumenical Temple.
  4609 | Temple   | Entered the Ecumenical Temple
  4615 | Temple   | Fell from the grace of Jiyva
  4615 | Temple   | Became a worshipper of Warmaster Okawaru
  4683 | D:6      | Found a sacrificial altar of Ru.
  4794 | D:6      | Noticed a yak
  4795 | D:6      | Noticed a komodo dragon
  4802 | D:6      | Killed a yak
  4806 | D:6      | Mangled by a komodo dragon

Illustrated notes

Levels and vault maps discovered:
D:1:      mrwooster_arrival_statue, layout_basic,
          hellmonk_ecumenical_altar_leap_of_faith
D:2:      layout_basic, basic_altar, hex_tiny, minmay_pentomino_pile
D:3:      layout_basic, nicolae_overflow_crystal_walls, lemuel_crystal_altar,
          lexackson_kobold_supper, uniq_natasha, uniq_crazy_yiuf_cottage
D:4:      layout_loops_cross, minmay_crossroads
D:5:      cheibrodos_quashed, layout_basic, makhleb_altar_promises_db
D:6:      kennysheep_big_flooded_room, layout_basic,
          mainiacjoe_overflow_catch_the_wave,
          minmay_temple_entry_drinking_statues
Temple:   eino_temple_rhombus

Skill      XL: |  1  2  3  4  5  6  7 |
---------------+----------------------+-----
Fighting       | 4 5 |  5.4
Armour         | 4 5 6 |  6.5
Shields        | 4 |  4.8
Dodging        | 1 2 3 4 |  4.3
Axes           | 3 4 5 6 |  6.9
Stealth        | |  0.6

Action                     |  1- 3 |  4- 6 |  7- 9 || total
---------------------------+-------+-------+-------++-------
  Melee: War axe           |    72 |   483 |    24 ||   579
         Headbutt          |     7 |   143 |     9 ||   159
         Hand axe          |       |       |    28 ||    28
    Use: Scroll            |     4 |     2 |     5 ||    11
 Armour: Scale mail        |    42 |   116 |    19 ||   177
  Dodge: Dodged            |    35 |    67 |    28 ||   130
  Block: Buckler           |    19 |    36 |     6 ||    61

Table legend: (Time is in decaauts)
 A = Elapsed time spent in this place.
 B = Non-inter-level travel time spent in this place.
 C = Inter-level travel time spent in this place.
 D = Time resting spent in this place.
 E = Time spent auto-exploring this place.
 F = Levels seen in this place.
 G = Mean time per level.
                   A        B        C        D        E       F      G
               +--------+--------+--------+--------+--------+-----+--------+
         Total |   4978 |   4641 |    337 |      0 |   3175 |   7 |  711.1 |
       Dungeon |   4966 |   4636 |    330 |      0 |   3175 |   6 |  827.7 |
        Temple |     12 |      5 |      7 |      0 |      0 |   1 |   12.0 |
               +--------+--------+--------+--------+--------+-----+--------+

Top non-repeatable levels by time:
     D:3: 1353 daAuts
     D:5: 1058 daAuts
     D:1: 876 daAuts
     D:2: 684 daAuts
     D:4: 658 daAuts
     D:6: 334 daAuts
  Temple: 12 daAuts
